 Dungeon Crawl Stone Soup version 0.30-a0-591-g3c58d2bc28 (webtiles) character file.

Game seed: 11573067217871593603

66 Angani the Conjurer (level 3, 0/5 (29) HPs)
             Began as a Draconian Reaver on Jan 6, 2023.
             Succumbed to a kobold brigand's poison
             ... in a sewer.
             The game lasted 00:02:05 (1140 turns).

Angani the Conjurer (Draconian Reaver)              Turns: 1140, Time: 00:02:06

HP:   0/5 (29)      AC:  5    Str: 14    XL:     3   Next: 96%
MP:   7/7           EV: 12    Int: 15    God:
Gold: 84            SH:  0    Dex:  9    Spells: 7/8 levels left

rFire   . . .      SeeInvis .    i - +1 dagger (freeze)
rCold   . . .      Faith    .    (no shield)
rNeg    . . .      Spirit   .    (body armour unavailable)
rPois   .          Reflect  .    (helmet restricted)
rElec   .          Harm     .    (no cloak)
rCorr   .          Rampage  .    (no gloves)
Will    .....                    (no boots)
Stlth   +                        b - amulet of magic regeneration
HPRegen 0.20/turn                (no ring)
MPRegen 0.50/turn                (no ring)

@: lethally poisoned (0 -> -5), extremely drained, very slow
A: AC +5, unfitting armour, cold-blooded
a: no special abilities


You were in a sewer.
You visited 1 branch of the dungeon, and saw 3 of its levels.
You also visited: Sewer.

You collected 84 gold pieces.

Inventory:

Hand Weapons
 i - a +1 dagger of freezing (weapon)
Jewellery
 b - an amulet of magic regeneration (around neck)
Potions
 c - 2 potions of brilliance
 h - a potion of heal wounds {unknown}


   Skills:
 - Level 2.1 Fighting
 - Level 3.0 Short Blades
 - Level 1.7 Dodging
 + Level 3.1 Spellcasting
 + Level 4.0 Conjurations


You had 7 spell levels left.
You knew the following spells:

 Your Spells              Type           Power      Damage    Failure   Level
a - Kiss of Death         Conj/Necr      32%        2d7       9%          1

Your spell library contained the following spells:

 Spells                   Type           Power      Damage    Failure   Level
 Momentum Strike          Conj/Tloc      16%        3d8       13%         2
 Hailstorm                Conj/Ice       8%         3d4       26%         3


Dungeon Overview and Level Annotations

Branches:
Dungeon (2/15)              Sewer (1/1)

Altars:


Innate Abilities, Weirdness & Mutations

Your plain brown scales are hard. (AC +5)
You cannot fit into any form of body armour.
You are cold-blooded and may be slowed by cold attacks.


Message History

You feel drained.
Your Conjurations skill increases to level 4!
You hit the rat but do no damage. The rat bites you.
* * * LOW HITPOINT WARNING * * *
You hit the rat. You freeze the rat.
You kill the rat!
Unknown command.
You start resting.
Your magical contamination has completely faded away.
You start resting.
Magic restored.
You start resting.
HP restored.
Things that are here:
a rat corpse; a river rat corpse
There is an empty arch of ancient stone here.
There is a gate leading back out of this place here.
There is an empty arch of ancient stone here.
Things that are here:
a rat corpse; a river rat corpse You enter the shallow water.
Moving in this stuff is going to be slow.
Found a gate leading back out of this place.
You enter the shallow water.
Moving in this stuff is going to be slow.
You enter the shallow water.
Moving in this stuff is going to be slow.
A kobold comes into view. It is wielding a +0 whip.
The kobold shouts!
You hear a bark!
You hear a shout!
A kobold brigand comes into view.
It is wielding a +0 whip and quivering poisoned darts.
The kobold brigand shouts!
You enter the shallow water.
Moving in this stuff is going to be slow.
A kobold comes into view. It is wielding a +0 short sword.
The kobold shouts!
The kobold brigand throws a poisoned dart.
The poisoned dart hits you!
You are lethally poisoned!
Ouch! That really hurt!
You feel very sick.
You die...

~K≈≈≈≈≈≈≈≈≈≈≈≈≈≈≈≈≈≈≈≈≈#
.~≈≈≈~~~~~~~≈~~~~≈≈≈≈≈#
.~~~~~.~~~......#######
.~~~~~~.~~#######
########~## #~# #~# #~#
#@# #~# #~# #~# #~# #~#
#~# #~# #~#


There were no monsters in sight!

Vanquished Creatures
  2 river rats (Sewer)
  An adder (D:3)
  A dart slug (D:1)
  5 ball pythons
  A bat (D:1)
  An endoplasm (D:1)
  6 giant cockroaches
  A goblin (D:1)
  4 hobgoblins (D:1)
  6 kobolds (D:1)
  A quokka (D:1)
  3 frilled lizards (D:1)
  4 rats
36 creatures vanquished.

Notes
Turn   | Place    | Note
-------+----------+-------------------------------------------
     0 | D:1      | Angani the Draconian Reaver began the quest for the Orb.
     0 | D:1      | Reached XP level 1. HP: 17/17 MP: 3/3
   256 | D:1      | Reached XP level 2. HP: 24/24 MP: 5/5
   813 | D:1      | Reached XP level 3. HP: 29/29 MP: 7/7
   984 | D:2      | You fall into a shaft and drop 1 floor!
  1028 | D:3      | Found a glowing drain.
  1036 | Sewer    | Entered a sewer
  1051 | Sewer    | Reached skill level 4 in Conjurations
  1126 | Sewer    | Noticed a kobold brigand
  1140 | Sewer    | Succumbed to a kobold brigand's poison

Illustrated notes

Levels and vault maps discovered:
D:1:      dpeg_arrival_pond, layout_basic, minmay_domino_4
D:2:      layout_basic, serial_shops, shop, uniq_natasha, uniq_jessica
D:3:      layout_basic, nicolae_qazlal_style_of_elements,
          nicolae_gozag_cash_rules_everything_around_me, portal_sewer_entry_e
Sewer:    sewer_kobolds

Skill      XL: |  1  2  3 |
---------------+----------+-----
Spellcasting   | 3 |  3.1
Conjurations   | 4 |  4.0
Fighting       | |  2.1
Short Blades   | |  3.0
Dodging        | |  1.7

Action                   || total
-------------------------++-------
Melee: Short sword       ||   121
       Tailslap          ||    20
       Dagger            ||    28
 Cast: Kiss of Death     ||     6
  Use: Scroll            ||     4
 Stab: Sleeping          ||     1
Armor: Skin              ||    45
Dodge: Dodged            ||    81

Table legend: (Time is in decaauts)
 A = Elapsed time spent in this place.
 B = Non-inter-level travel time spent in this place.
 C = Inter-level travel time spent in this place.
 D = Time resting spent in this place.
 E = Time spent auto-exploring this place.
 F = Levels seen in this place.
 G = Mean time per level.
                   A        B        C        D        E       F      G
               +--------+--------+--------+--------+--------+-----+--------+
         Total |   1139 |   1136 |      3 |     62 |    786 |   4 |  284.8 |
       Dungeon |   1014 |   1011 |      3 |     45 |    727 |   3 |  338.0 |
         Sewer |    124 |    124 |      0 |     17 |     59 |   1 |  124.0 |
               +--------+--------+--------+--------+--------+-----+--------+

Top non-repeatable levels by time:
     D:1: 965 daAuts
   Sewer: 124 daAuts
     D:3: 49 daAuts
